TOP OF THE 1ST |
Joplin Blasters batting - Pitching for Houston Colt .45's : LHP Manny Gonzales
|
Pitching: LHP Manny Gonzales
|
|
Batting: RHB Chris Stec
|
0-0: Ball 1-0: Ball 2-0: Fly out, F9 (Flyball, 9D, EV 90.6 MPH)
|
Batting: RHB Dermott Ayliffe
|
0-0: Ball 1-0: Called Strike 1-1: Swinging Strike 1-2: Strikes out looking
|
Batting: SHB Gary Woodroffe
|
0-0: Called Strike 0-1: Ball 1-1: Called Strike 1-2: Ball 2-2: Ball 3-2: Foul Ball, location: 2F 3-2: Strikes out swinging
|
Top of the 1st over - 0 runs, 0 hits, 0 errors, 0 left on base; Joplin 0 - Houston 0 |
BOTTOM OF THE 1ST |
Houston Colt .45's batting - Pitching for Joplin Blasters : RHP Chris McCade
|
Pitching: RHP Chris McCade
|
|
Batting: RHB Patrick Pinault
|
0-0: Ground out 6-3 (Groundball, 6, EV 86.9 MPH)
|
Batting: RHB Arnold Schuler
|
0-0: Hit by Pitch
|
Batting: LHB Bert Middleton
|
0-0: Foul Ball, location: 2F 0-1: Fly out, F4 (Popup, 4S, EV 73.1 MPH)
|
Batting: LHB Vecdi Hodensack
|
0-0: Foul Ball, location: 2F 0-1: Ball 1-1: Ball 2-1: Ball 3-1: Fly out, F7 (Flyball, 7LS, EV 85.6 MPH)
|
Bottom of the 1st over - 0 runs, 0 hits, 0 errors, 1 left on base; Joplin 0 - Houston 0 |
TOP OF THE 2ND |
Joplin Blasters batting - Pitching for Houston Colt .45's : LHP Manny Gonzales
|
Batting: RHB Dustin Peterson
|
0-0: Swinging Strike 0-1: Ball 1-1: Called Strike 1-2: Ball 2-2: Strikes out swinging
|
Batting: RHB Carlos Castillo
|
0-0: Ball 1-0: Fly out, F3 (Popup, 34S, EV 73.8 MPH)
|
Batting: LHB Josh Lane
|
0-0: Ground out 4-3 (Groundball, 4, EV 105.0 MPH)
|
Top of the 2nd over - 0 runs, 0 hits, 0 errors, 0 left on base; Joplin 0 - Houston 0 |
BOTTOM OF THE 2ND |
Houston Colt .45's batting - Pitching for Joplin Blasters : RHP Chris McCade
|
Batting: RHB Tim Williams
|
0-0: Ball 1-0: Called Strike 1-1: Ball 2-1: Ground out 6-3 (Groundball, 6, EV 103.1 MPH)
|
Batting: RHB Bill Borden
|
0-0: Called Strike 0-1: Ball 1-1: Swinging Strike 1-2: Strikes out swinging
|
Batting: RHB Jamie Walker
|
0-0: Called Strike 0-1: Called Strike 0-2: Strikes out looking
|
Bottom of the 2nd over - 0 runs, 0 hits, 0 errors, 0 left on base; Joplin 0 - Houston 0 |
TOP OF THE 3RD |
Joplin Blasters batting - Pitching for Houston Colt .45's : LHP Manny Gonzales
|
Batting: RHB Esteban Acuna
|
0-0: Ball 1-0: Ground out 5-3 (Groundball, 56D, EV 86.9 MPH)
|
Batting: LHB Willie Marquez
|
0-0: Ball 1-0: Fly out, F9 (Flyball, 89M, EV 98.1 MPH)
|
Batting: RHB Bobby Leon
|
0-0: Ball 1-0: Ball 2-0: Ball 3-0: Foul Ball, location: 2F 3-1: Called Strike 3-2: SINGLE (Groundball, 6MD, EV 100.0 MPH)
|
Batting: RHB Chris Stec
|
0-0: Ball 1-0: Ball 2-0: Foul Ball, location: 2F 2-1: Foul Ball, location: 2F 2-2: Ball 3-2: Foul Ball, location: 2F 3-2: Fly out, F9 (Flyball, 9, EV 93.8 MPH)
|
Top of the 3rd over - 0 runs, 1 hit, 0 errors, 1 left on base; Joplin 0 - Houston 0 |
BOTTOM OF THE 3RD |
Houston Colt .45's batting - Pitching for Joplin Blasters : RHP Chris McCade
|
Batting: RHB Fernando Acosta
|
0-0: Foul Ball, location: 2F 0-1: Ground out U3 (Groundball, 3, EV 98.8 MPH)
|
Batting: LHB Casper Significant
|
0-0: Called Strike 0-1: Ball 1-1: Swinging Strike 1-2: Foul Ball, location: 2F 1-2: Ball 2-2: Ball 3-2: Base on Balls
|
Batting: RHB Patrick Pinault
|
0-0: 2-RUN HOME RUN (Flyball, 9LD, EV 96.2 MPH), Distance : 355 ft
|
Batting: RHB Arnold Schuler
|
0-0: Ball 1-0: Called Strike 1-1: Ball 2-1: Ball 3-1: Base on Balls
|
Batting: LHB Bert Middleton
|
0-0: Ball 1-0: Ball 2-0: Swinging Strike 2-1: Ball 3-1: Called Strike 3-2: Foul Ball, location: 2F 3-2: Strikes out swinging
|
Batting: LHB Vecdi Hodensack
|
0-0: Ball 1-0: Fly out, F8 (Flyball, 8LD, EV 106.2 MPH)
|
Bottom of the 3rd over - 2 runs, 1 hit, 0 errors, 1 left on base; Joplin 0 - Houston 2 |
TOP OF THE 4TH |
Joplin Blasters batting - Pitching for Houston Colt .45's : LHP Manny Gonzales
|
Batting: RHB Dermott Ayliffe
|
0-0: Ball 1-0: Swinging Strike 1-1: Ball 2-1: Foul Ball, location: 2F 2-2: Strikes out looking
|
Batting: SHB Gary Woodroffe
|
0-0: SINGLE (Groundball, 4MD, EV 95.6 MPH)
|
Batting: RHB Dustin Peterson
|
0-0: Called Strike 0-1: Foul Ball, location: 2F 0-2: Strikes out swinging
|
Batting: RHB Carlos Castillo
|
0-0: Called Strike 0-1: Foul Ball, location: 2F 0-2: Foul Ball, location: 2F 0-2: Ball 1-2: Strikes out looking
|
Top of the 4th over - 0 runs, 1 hit, 0 errors, 1 left on base; Joplin 0 - Houston 2 |
BOTTOM OF THE 4TH |
Houston Colt .45's batting - Pitching for Joplin Blasters : RHP Chris McCade
|
Batting: RHB Tim Williams
|
0-0: Ground out 5-3 (Groundball, 56S, EV 62.5 MPH)
|
Batting: RHB Bill Borden
|
0-0: Ball 1-0: Called Strike 1-1: Ball 2-1: Foul Ball, location: 2F 2-2: Strikes out swinging
|
Batting: RHB Jamie Walker
|
0-0: Called Strike 0-1: Ball 1-1: Swinging Strike 1-2: Ball 2-2: Fly out, F7 (Flyball, 78S, EV 81.2 MPH)
|
Bottom of the 4th over - 0 runs, 0 hits, 0 errors, 0 left on base; Joplin 0 - Houston 2 |
TOP OF THE 5TH |
Joplin Blasters batting - Pitching for Houston Colt .45's : LHP Manny Gonzales
|
Batting: LHB Josh Lane
|
0-0: Ball 1-0: Called Strike 1-1: Ground out 5-3 (Groundball, 56S, EV 80.6 MPH)
|
Batting: RHB Esteban Acuna
|
0-0: Ball 1-0: Ball 2-0: Foul Ball, location: 2F 2-1: Ball 3-1: Swinging Strike 3-2: Foul Ball, location: 2F 3-2: Foul Ball, location: 2F 3-2: Strikes out swinging
|
Batting: LHB Willie Marquez
|
0-0: Ball 1-0: Ball 2-0: Ball 3-0: Called Strike 3-1: Called Strike 3-2: Foul Ball, location: 2F 3-2: Ground out 4-3 (Groundball, 4S, EV 91.2 MPH)
|
Top of the 5th over - 0 runs, 0 hits, 0 errors, 0 left on base; Joplin 0 - Houston 2 |
BOTTOM OF THE 5TH |
Houston Colt .45's batting - Pitching for Joplin Blasters : RHP Chris McCade
|
Batting: RHB Fernando Acosta
|
0-0: Ball 1-0: Called Strike 1-1: Ball 2-1: Ball 3-1: Foul Ball, location: 2F 3-2: Foul Ball, location: 2F 3-2: Foul Ball, location: 2F 3-2: Foul Ball, location: 2F 3-2: Ground out 4-3 (Groundball, 4, EV 77.5 MPH)
|
Batting: LHB Casper Significant
|
0-0: Ball 1-0: Ball 2-0: Ball 3-0: Called Strike 3-1: Called Strike 3-2: Foul Ball, location: 2F 3-2: Strikes out swinging
|
Batting: RHB Patrick Pinault
|
0-0: Ball 1-0: Called Strike 1-1: SINGLE (Line Drive, 7S, EV 101.9 MPH)
|
Batting: RHB Arnold Schuler
|
0-0: Called Strike 0-1: Ground out 5-3 (Groundball, 56S, EV 86.2 MPH)
|
Bottom of the 5th over - 0 runs, 1 hit, 0 errors, 1 left on base; Joplin 0 - Houston 2 |
TOP OF THE 6TH |
Joplin Blasters batting - Pitching for Houston Colt .45's : LHP Manny Gonzales
|
Batting: RHB Bobby Leon
|
0-0: Foul Ball, location: 2F 0-1: Ball 1-1: Fly out, F8 (Flyball, 8LD, EV 104.4 MPH)
|
Batting: RHB Chris Stec
|
0-0: Ball 1-0: DOUBLE (Line Drive, 89D, EV 105.0 MPH)
|
Pitching: RHP Kurt Carr
|
|
Batting: RHB Dermott Ayliffe
|
0-0: Ball 1-0: Foul Ball, location: 2F 1-1: Foul Ball, location: 2F 1-2: Foul Ball, location: 2F 1-2: SINGLE (Line Drive, 5D, EV 107.5 MPH) Chris Stec to third Runner from 3rd tries for Home, throw by LF and OUT! 7-2 Dermott Ayliffe to second
|
Batting: SHB Gary Woodroffe
|
0-0: Called Strike 0-1: Ball 1-1: Ball 2-1: Ball 3-1: Called Strike 3-2: Foul Ball, location: 2F 3-2: Base on Balls
|
Batting: RHB Dustin Peterson
|
0-0: Ball 1-0: Foul Ball, location: 2F 1-1: Ball 2-1: Fly out, F9 (Flyball, 89M, EV 96.2 MPH)
|
Top of the 6th over - 0 runs, 2 hits, 0 errors, 2 left on base; Joplin 0 - Houston 2 |
BOTTOM OF THE 6TH |
Houston Colt .45's batting - Pitching for Joplin Blasters : RHP Chris McCade
|
Batting: LHB Bert Middleton
|
0-0: Ball 1-0: SINGLE (Groundball, 6MD, EV 94.4 MPH)
|
Batting: LHB Vecdi Hodensack
|
0-0: Ball 1-0: Foul Ball, location: 2F 1-1: Ball 2-1: Foul Ball, location: 2F 2-2: Ball 3-2: Foul Ball, location: 2F 3-2: Foul Ball, location: 2F 3-2: Foul Ball, location: 2F 3-2: Base on Balls Bert Middleton to second
|
Pitching: RHP Brian Owens
|
|
Batting: RHB Tim Williams
|
0-0: Ball 1-0: Fly out, F8 (Flyball, 89M, EV 93.8 MPH)
|
Batting: RHB Bill Borden
|
0-0: Ball 1-0: Called Strike 1-1: Foul Ball, location: 2F 1-2: Strikes out swinging
|
Batting: RHB Jamie Walker
|
0-0: Ball 1-0: Foul Ball, location: 2F 1-1: Called Strike 1-2: Ball 2-2: Ball 3-2: DOUBLE (Line Drive, 9LS, EV 101.2 MPH) Bert Middleton scores Vecdi Hodensack to third Vecdi Hodensack scores
|
Pitching: RHP Victor Maravilla
|
|
Batting: RHB Fernando Acosta
|
0-0: Swinging Strike 0-1: Foul Ball, location: 2F 0-2: Ball 1-2: Ball 2-2: Foul Ball, location: 2F 2-2: Strikes out swinging
|
Bottom of the 6th over - 2 runs, 2 hits, 0 errors, 1 left on base; Joplin 0 - Houston 4 |
TOP OF THE 7TH |
Joplin Blasters batting - Pitching for Houston Colt .45's : RHP Kurt Carr
|
Batting: RHB Carlos Castillo
|
0-0: Ball 1-0: Fly out, F4 (Popup, 34, EV 71.9 MPH)
|
Batting: LHB Josh Lane
|
0-0: Ball 1-0: Foul Ball, location: 2F 1-1: Ball 2-1: Foul Ball, location: 2F 2-2: Strikes out swinging
|
Pinch Hitting: RHB Mike McClung
|
0-0: Called Strike 0-1: Ball 1-1: Swinging Strike 1-2: Strikes out swinging
|
Top of the 7th over - 0 runs, 0 hits, 0 errors, 0 left on base; Joplin 0 - Houston 4 |
BOTTOM OF THE 7TH |
Houston Colt .45's batting - Pitching for Joplin Blasters : RHP Victor Maravilla
|
Now in CF: Nate Brewer
|
|
Batting: LHB Casper Significant
|
0-0: Ball 1-0: Called Strike 1-1: Ball 2-1: Swinging Strike 2-2: Strikes out looking
|
Batting: RHB Patrick Pinault
|
0-0: Called Strike 0-1: Called Strike 0-2: Strikes out swinging
|
Batting: RHB Arnold Schuler
|
0-0: Ball 1-0: Foul Ball, location: 2F 1-1: Foul Ball, location: 2F 1-2: Ball 2-2: Foul Ball, location: 2F 2-2: Strikes out swinging
|
Bottom of the 7th over - 0 runs, 0 hits, 0 errors, 0 left on base; Joplin 0 - Houston 4 |
TOP OF THE 8TH |
Joplin Blasters batting - Pitching for Houston Colt .45's : RHP Kurt Carr
|
Batting: LHB Willie Marquez
|
0-0: Foul Ball, location: 2F 0-1: Ball 1-1: Foul Ball, location: 2F 1-2: Ball 2-2: Ball 3-2: Foul Ball, location: 2F 3-2: Foul Ball, location: 2F 3-2: Foul Ball, location: 2F 3-2: Strikes out swinging
|
Pinch Hitting: RHB Kevin Lea
|
0-0: Called Strike 0-1: Ground out 1-3 (Groundball, 13, EV 67.5 MPH)
|
Batting: RHB Chris Stec
|
0-0: Foul Ball, location: 2F 0-1: Called Strike 0-2: Strikes out swinging
|
Top of the 8th over - 0 runs, 0 hits, 0 errors, 0 left on base; Joplin 0 - Houston 4 |
BOTTOM OF THE 8TH |
Houston Colt .45's batting - Pitching for Joplin Blasters : RHP Victor Maravilla
|
Now at 2B: Kevin Lea
|
|
Batting: LHB Bert Middleton
|
0-0: Called Strike 0-1: Ball 1-1: Ball 2-1: Hit by Pitch
|
Batting: LHB Vecdi Hodensack
|
0-0: Ball 1-0: Called Strike 1-1: Called Strike 1-2: Strikes out swinging
|
Pinch Hitting: LHB Ryan Fridley
|
0-0: Called Strike 0-1: Foul Ball, location: 2F 0-2: Foul Ball, location: 2F 0-2: Ball 1-2: Foul Ball, location: 2F 1-2: Ball 2-2: Strikes out swinging
|
Pinch Hitting: RHB Jesus Diego
|
0-0: Called Strike 0-1: Ball 1-1: Ball 2-1: Swinging Strike 2-2: Strikes out swinging
|
Bottom of the 8th over - 0 runs, 0 hits, 0 errors, 1 left on base; Joplin 0 - Houston 4 |
TOP OF THE 9TH |
Joplin Blasters batting - Pitching for Houston Colt .45's : RHP Kurt Carr
|
Pitching: LHP Joe Sellick
|
|
Now at 2B: Jarno van Lente
|
|
Now in RF: Gong Tow
|
|
Batting: RHB Dermott Ayliffe
|
0-0: Ball 1-0: Ground out 4-3 (Groundball, 34, EV 82.5 MPH)
|
Batting: SHB Gary Woodroffe
|
0-0: Foul Ball, location: 2F 0-1: Foul Ball, location: 2F 0-2: Strikes out looking
|
Batting: RHB Dustin Peterson
|
0-0: Foul Ball, location: 2F 0-1: Ball 1-1: Ball 2-1: Foul Ball, location: 2F 2-2: SINGLE (Flyball, 89S, EV 91.9 MPH)
|
Batting: RHB Carlos Castillo
|
0-0: Ball 1-0: Ball 2-0: Foul Ball, location: 2F 2-1: Ball 3-1: Foul Ball, location: 2F 3-2: Strikes out swinging
|
Top of the 9th over - 0 runs, 1 hit, 0 errors, 1 left on base; Joplin 0 - Houston 4 |
|